 Dungeon Crawl Stone Soup version 0.24.0-1-gfbc8707122 (webtiles) character file.

Game seed: 8400944520947599105, levelgen mode: deterministic

182 Esekla the Stinger (level 5, 0/25 HPs)
             Began as a Vine Stalker Venom Mage on Oct 27, 2019.
             Slain by a bullfrog (4 damage)
             ... on level 4 of the Dungeon.
             The game lasted 00:13:25 (2067 turns).

Esekla the Stinger (Vine Stalker Venom Mage)        Turns: 2067, Time: 00:13:25

Health: 0/25       AC:  2    Str: 10    XL:     5   Next: 62%
Magic:  0/10       EV: 12    Int: 16    God:
Gold:   148        SH:  0    Dex: 15    Spells: 4/10 levels left

rFire    . . .     SeeInvis .   f - +0 short sword
rCold    . . .     Gourm    .   (no shield)
rNeg     . . .     Faith    .   a - +0 robe
rPois    .         Spirit   +   (no helmet)
rElec    .         Reflect  .   (no cloak)
rCorr    +         Harm     .   (no gloves)
MR       .....                  (no boots)
Stlth    ++........             (no amulet)
HPRegen  0.48/turn              h - ring of resist corrosion
MPRegen  0.12/turn              l - ring of flight

@: no status effects
A: fangs 2, regeneration 1, magic shield, antimagic bite, no potion heal 3, rot
immunity
a: Evoke Flight


You were on level 4 of the Dungeon.
You were hungry.

You visited 1 branch of the dungeon, and saw 4 of its levels.

You collected 148 gold pieces.

Inventory:

Hand Weapons
 f - a +0 short sword (weapon)
Missiles
 e - 10 poisoned darts (quivered)
Armour
 a - a +0 robe (worn)
Jewellery
 h - a ring of resist corrosion (left hand)
 l - a ring of flight (right hand)
Scrolls
 b - a scroll of remove curse
 g - 2 scrolls of amnesia
 i - a scroll of teleportation {unknown}
 j - a scroll of enchant armour {unknown}
 n - a scroll of random uselessness {unknown}
 o - a scroll of fog {unknown}
 p - a scroll of identify
 q - 2 scrolls of blinking {unknown}
 r - a scroll of fear {unknown}
Potions
 d - 2 potions of curing
 k - a potion of flight {unknown}
 m - a potion of heal wounds {unknown}
 s - a potion of brilliance {unknown}
Comestibles
 c - 7 rations


   Skills:
 * Level 1.5 Fighting
 + Level 0.5 Short Blades
 + Level 1.8 Dodging
 + Level 3.2 Stealth
 + Level 3.2 Spellcasting
 * Level 2.0 Conjurations
 * Level 1.3 Air Magic
 + Level 3.8 Poison Magic


You had 4 spell levels left.
You knew the following spells:

 Your Spells              Type           Power        Failure   Level  Hunger
a - Sting                 Conj/Pois      ##..         5%          1    None
c - Mephitic Cloud        Conj/Pois/Air  ##......     21%         3    ###....
v - Poisonous Vapours     Pois/Air       ##....       10%         2    ##.....

Your spell library contained the following spells:

 Spells                   Type           Power        Failure   Level  Hunger
 Olgreb's Toxic Radiance  Pois           ##......     36%         4    ####...
 Venom Bolt               Conj/Pois      ##........   83%         5    ######.


Dungeon Overview and Level Annotations

Branches:
Dungeon (4/15)
 Temple: D:4-7

Altars:


Innate Abilities, Weirdness & Mutations

You have extremely sharp teeth.
Your natural rate of healing is unusually fast.
When hurt, damage is shared between your health and your magic reserves.
Your bite disrupts and absorbs the magic of your enemies.
Potions cannot restore your health.
You are immune to rotting.


Message History

You barely miss the bullfrog. Your bite misses the bullfrog.
The bullfrog is moderately wounded.
The bullfrog hits you. The bullfrog hits you!
You hit the bullfrog. You bite the bullfrog. You drain its power.
You feel invigorated.
The bullfrog is severely wounded.
The bullfrog barely misses you. The bullfrog completely misses you.
You closely miss the bullfrog.
The bullfrog is severely wounded.
The bullfrog hits you!
You closely miss the bullfrog.
The bullfrog is severely wounded.
The bullfrog misses you.
The bullfrog hits you but does no damage.
You completely miss the bullfrog. Your bite misses the bullfrog.
The bullfrog is almost dead.
The bullfrog hits you!
* * * LOW HITPOINT WARNING * * *
The bullfrog hits you.
You die...

.# .#..#########.#
.......<....#.#
.........##.#.#
##.>####.##.#.# #.
#@##)#.#
#..####F##.#.#
#............#
#.#####.##...#####
#..#####.###......#
.........# #.####.#
###.###..###.#
#.>....# #..###.#


You could see a bullfrog.

Vanquished Creatures
  A crocodile (D:3)
  An orc wizard (D:4)
  3 adders
  2 oozes (D:2)
  2 worms
  2 leopard geckos
  3 orcs
  3 giant cockroaches
  3 goblins
  3 hobgoblins
  5 bats
  3 frilled lizards
  8 kobolds
  4 rats
43 creatures vanquished.

Notes
Turn   | Place    | Note
-------+----------+-------------------------------------------
     0 | D:1      | Esekla the Vine Stalker Venom Mage began the quest for the
                  | Orb.
     0 | D:1      | Reached XP level 1. HP: 9/9 MP: 4/4
   186 | D:2      | Reached XP level 2. HP: 13/14 MP: 6/6
   197 | D:2      | Learned a level 2 spell: Poisonous Vapours
   648 | D:2      | Reached XP level 3. HP: 17/17 MP: 8/8
   663 | D:2      | Learned a level 3 spell: Mephitic Cloud
  1448 | D:2      | Reached skill level 1 in Fighting
  1448 | D:2      | Gained mutation: Your natural rate of healing is unusually
                  | fast. [Vine Stalker growth]
  1448 | D:2      | Reached XP level 4. HP: 8/22 MP: 2/9
  1861 | D:3      | Noticed a crocodile
  1878 | D:3      | Killed a crocodile
  1878 | D:3      | Reached skill level 1 in Air Magic
  1878 | D:3      | Reached XP level 5. HP: 15/25 MP: 2/10
  2067 | D:4      | Slain by a bullfrog

Levels and vault maps discovered:
D:1:      psy_arrival_dodecagon, layout_rooms
D:2:      layout_basic, first_ration
D:3:      layout_basic
D:4:      layout_loops_ring, lemuel_doored_altar, grunt_qazlal_sundering,
          minmay_temple_entry_ruins, minmay_misc_feat_four_crosses,
          serial_bayou_ford_a

Skill      XL: |  1  2  3  4  5 |
---------------+----------------+-----
Spellcasting   | 3 |  3.2
Fighting       | 1 |  1.5
Stealth        | 3 |  3.2
Air Magic      | 1 |  1.3
Conjurations   | 2 |  2.0
Short Blades   | |  0.5
Dodging        | |  1.8
Poison Magic   | |  3.8

Action                   |  1- 3 |  4- 6 || total
-------------------------+-------+-------++-------
Melee: Short sword       |    51 |    35 ||    86
       Bite              |     5 |     8 ||    13
Throw: Dart              |     1 |     5 ||     6
 Cast: Sting             |     8 |       ||     8
       Poisonous Vapours |    11 |    12 ||    23
  Use: Scroll            |     3 |       ||     3
 Stab: Sleeping          |     9 |     1 ||    10
  Eat: Chunk             |     1 |     3 ||     4
Armor: Robe              |     6 |     4 ||    10
Dodge: Dodged            |    24 |    18 ||    42
